 Dungeon Crawl Stone Soup version 0.20-a0-1058-g0491fde (webtiles) character file.

26 Gorglomux the Chopper (level 3, 0/31 HPs)
             Began as a Hill Orc Monk on Apr 26, 2017.
             Succumbed to an adder's poison
             ... on level 2 of the Dungeon.
             The game lasted 00:00:43 (550 turns).

Gorglomux the Chopper (Hill Orc Monk)                Turns: 550, Time: 00:00:44

Health: 0/31       AC:  2    Str: 13    XL:     3   Next: 8%
Magic:  3/3        EV: 18    Int: 15    God:
Gold:   31         SH:  0    Dex: 19    Spells: 2/2 levels left

rFire    . . .     SeeInvis .   a - +0 hand axe
rCold    . . .     Gourm    .   (no shield)
rNeg     . . .     Faith    .   b - +0 robe
rPois    .         Spirit   .   (no helmet)
rElec    .         Reflect  .   (no cloak)
rCorr    .         Harm     .   (no gloves)
MR       .....                  (no boots)
Stlth    +++.......             (no amulet)
Regen    0.1/turn               (no ring)
MPRegen  0.1/turn               (no ring)

@: brilliant, agile, lethally poisoned (0 -> -10)
A: no striking features
a: no special abilities


You were on level 2 of the Dungeon.
You were not hungry.

You visited 1 branch of the dungeon, and saw 2 of its levels.

You collected 31 gold pieces.

Inventory:

Hand Weapons
 a - a +0 hand axe (weapon)
Armour
 b - a +0 robe (worn)
Scrolls
 e - a scroll of enchant armour {unknown}
Comestibles
 c - a bread ration {@e1@e1}
 g - 2 fruits


   Skills:
 - Level 3.6 Fighting
 + Level 5.5 Axes
 - Level 2.4 Dodging
 - Level 1.5 Stealth


You had 2 spell levels left.
You didn't know any spells.

Dungeon Overview and Level Annotations

Branches:
Dungeon (1/15)

Altars:
Elyvilon


Message History

You slash the hobgoblin!
You kill the hobgoblin!
You hit the bat.
You kill the bat!
You have reached level 2!
You regained 2 hp, and now have 8/26 hp.
MP restored: 2 You see here a bat corpse.
You butcher the bat corpse.
g - a chunk of flesh {@w0@w0} You start resting.
Health restored: 26 You now have 31 gold pieces (gained 12).
An adder comes into view.
The adder hisses angrily.
You miss the adder. The adder closely misses you. The adder bites you.
You closely miss the adder. The adder barely misses you.
You take 3 damage, and have 23/26 hp.
Unknown command.
Okay, then.
An adder is nearby!
You hit the adder. The adder barely misses you.
The adder bites you but does no damage.
You completely miss the adder. The adder closely misses you.
All of the chunks of flesh in your inventory have rotted away.
You hit the adder. The adder closely misses you. The adder bites you.
You slash the adder!
You kill the adder!
Your Axes skill increases to level 5!
You take 3 damage, and have 20/26 hp.
Found a stone staircase leading down.
No target in view!
No target in view!
No target in view!
No target in view!
Found a white marble altar of Elyvilon.
No target in view!
No target in view!
No target in view!
No target in view!
g - 2 fruits 2 adders come into view.
The adder hisses angrily.
The adder bites you.
Unknown command.
The adder misses you.
You slash the adder! The adder completely misses you. The adder bites you.
You are poisoned.
The adder poisons you!
You take 3 damage, and have 19/26 hp.
You barely miss the adder. You closely miss the adder.
You feel sick. The adder barely misses you. The adder closely misses you.
You take 1 damage, and have 18/26 hp.
You hit the adder but do no damage. You hit the adder.
You feel sick. The adder bites you. The adder misses you.
Unknown command.
You take 5 damage, and have 13/26 hp.
You are too injured to fight recklessly!
You barely miss the adder. You hit the adder. The adder misses you.
The adder closely misses you. The adder bites you.
You are more poisoned.
The adder poisons you! The adder barely misses you.
You take 3 damage, and have 10/26 hp.
You closely miss the adder. x2; You feel sick.
The adder closely misses you. x2
You take 1 damage, and have 9/26 hp.
Unknown command.
It was a potion of agility.
You feel agile all of a sudden.
The adder bites you but does no damage. x2
Unknown command.
It was a potion of brilliance.
You feel clever all of a sudden.
You feel sick. The adder closely misses you. The adder barely misses you. x2
The adder bites you.
* * * LOW HITPOINT WARNING * * *
You are more poisoned.
The adder poisons you!
You take 4 damage, and have 5/26 hp.
You barely miss the adder. You hit the adder.
* * * LOW HITPOINT WARNING * * *
You feel sick. The adder closely misses you. The adder bites you.
* * * LOW HITPOINT WARNING * * *
You take 3 damage, and have 2/26 hp.
You closely miss the adder. x2
* * * LOW HITPOINT WARNING * * *
You feel sick. The adder closely misses you. x2
You take 1 damage, and have 1/26 hp.
You closely miss the adder. You hit the adder.
You kill the adder!
You have reached level 3!
Your experience leads to an increase in your attributes!
Your base attributes are Str 13, Int 10, Dex 13.
Increase (S)trength, (I)ntelligence, or (D)exterity?
You feel agile.
* * * LOW HITPOINT WARNING * * *
You feel sick. The adder closely misses you. The adder completely misses you.
MP restored: 3 Unknown command.
You hit the adder.
You die...

#..... #....) #.....
#..... ##### #.....
#####...# #.....
#...>.#.####.....
###.#####.#....##..
#S@.####....#####..
######.###....##....##..
#)............#####.....
#.................. #...
#.................. ....
#...........#.#.#.# #.#.
#...................
#.............⌠.....
#####............_.


You could see an adder.

Vanquished Creatures
  2 adders (D:2)
  A dart slug (D:1)
  A bat (D:2)
  A giant cockroach (D:1)
  A hobgoblin (D:2)
6 creatures vanquished.

Notes
Turn   | Place    | Note
-------+----------+-------------------------------------------
     0 | D:1      | Gorglomux the Hill Orc Monk began the quest for the Orb.
     0 | D:1      | Reached XP level 1. HP: 19/19 MP: 1/1
   265 | D:1      | You fall through a shaft!
   274 | D:2      | Reached XP level 2. HP: 8/26 MP: 2/2
   507 | D:2      | Reached skill level 5 in Axes
   514 | D:2      | Found a white marble altar of Elyvilon.
   546 | D:2      | HP: 5/26 [adder (3)]
   547 | D:2      | HP: 2/26 [adder (2)]
   549 | D:2      | Reached XP level 3. HP: 2/31 MP: 3/3
   550 | D:2      | Succumbed to an adder's poison

Vault maps used:
D:1:      matt_arrival_los_fun
D:2:      kennysheep_slug_shrine, elyvilon_altar_5

Skill      XL: |  1  2 |
---------------+-------+-----
Axes           | 5 |  5.5
Fighting       | |  3.6
Dodging        | |  2.4
Stealth        | |  1.5

Action                   || total
-------------------------++-------
Melee: Hand axe          ||    30
  Use: Potion            ||     2
 Stab: Sleeping          ||     1
Armor: Robe              ||     5
Dodge: Dodged            ||    35

Vault maps used:
D:1:      matt_arrival_los_fun
D:2:      kennysheep_slug_shrine, elyvilon_altar_5

Table legend:
 A = Turns spent in this place as a percentage of turns spent in the entire game.
 B = Non-inter-level travel turns spent in this place as a percentage of non-inter-level travel turns spent in the entire game.
 C = Inter-level travel turns spent in this place as a percentage of turns spent in this place.
 D = Turns resting spent in this place as a percentage of non-inter-level travel turns spent in this place.
 E = Turns spent auto-exploring this place as a percentage of non-inter-level travel turns spent in this place.
 F = Non-inter-level travel turns spent in this place divided by the number of levels of this place that you've seen.
                   A       B       C       D       E      F
               +-------+-------+-------+-------+-------+----------------------
         Total | 100.0 | 100.0 |   0.0 |   2.8 |   6.3 |  71.0
       Dungeon | 100.0 | 100.0 |   0.0 |   2.8 |   6.3 |  71.0
               +-------+-------+-------+-------+-------+----------------------

Table legend:
 A = Kills in this place as a percentage of kills in entire the game.
 B = Kills by you in this place as a percentage of kills by you in the entire game.
 C = Kills by friends in this place as a percentage of kills by friends in the entire game.
 D = Other kills in this place as a percentage of other kills in the entire game.
 E = Experience gained in this place as a percentage of experience gained in the entire game.
 F = Experience gained in this place divided by the number of levels of this place that you have seen.
                   A       B       C       D       E      F
               +-------+-------+-------+-------+-------+----------------------
         Total | 100.0 | 100.0 |  -nan |  -nan | 100.0 |  19.0
       Dungeon | 100.0 | 100.0 |  -nan |  -nan | 100.0 |  19.0
               +-------+-------+-------+-------+-------+----------------------
